Map: Oxide LE

Players

BushZk - Winner!

  • Race: Zerg Zerg
  • League: Master
  • Spawn Location: 7:00

Osiris

  • Race: Terran Terran
  • League: Diamond
  • Spawn Location: 1:00

VOD

Have the link to the VOD?

Description

Time

  • Played on: Jan. 13, 2021, 4:27 a.m.
  • Length: 12:43
Show
View Real Time Build Order
Export as new Build Order

BushZk Zerg - Winner!

Build Orders: Hatch First, Lurkers 

Get SALT Encoding   

  12  0:00  Drone  
  13  0:08  Drone  
  14  0:16  Overlord  
  14  0:35  Drone x3  
  17  0:46  Drone  
  18  0:54  Hatchery  
  17  0:57  Drone  
  17  1:00  Extractor  
  17  1:09  Drone  
  18  1:18  Drone  
  19  1:20  Spawning Pool  
  18  1:32  Drone  
  19  1:43  Overlord  
  19  1:50  Drone  
  20  2:01  Drone  
  21  2:06  Zergling x2  
  22  2:09  Queen x2  
  22  2:14  Metabolic Boost, Zergling x2  
  27  2:17  Drone  
  28  2:25  Drone  
  28  2:29  Drone  
  29  2:33  Drone  
  30  2:41  Overlord  
  30  2:44  Drone  
  30  2:45  Queen  
  30  2:51  Drone  
  34  2:54  Drone  
  35  3:04  Drone  
  35  3:05  Hatchery  
  35  3:06  Queen  
  35  3:08  Drone  
  35  3:11  Drone  
  39  3:20  Zergling x10  
  44  3:31  Overlord  
  44  3:51  Zergling x10  
  47  4:00  Drone  
  43  4:13  Drone  
  43  4:14  Drone  
  43  4:15  Drone x3  
  48  4:19  Roach Warren, Baneling Nest, Drone x2  
  48  4:21  Drone x3  
  48  4:22  Lair  
  51  4:24  Extractor  
  51  4:26  Zergling x2  
  51  4:29  Zergling x2  
  52  4:33  Zergling x2  
  52  4:36  Queen  
  55  4:42  Drone x2  
  55  4:43  Pneumatized Carapace, Drone  
  57  4:49  Overlord x2  
  57  4:55  Extractor  
  57  4:56  Extractor  
  57  4:58  Evolution Chamber x2, Spore Crawler  
  57  4:59  Spore Crawler  
  52  5:00  Drone  
  52  5:06  Drone x2  
  54  5:09  Zergling x6  
  57  5:17  Drone x3  
  57  5:20  Drone x2  
  62  5:28  Drone x2  
  62  5:30  Drone  
  62  5:31  Drone  
  62  5:33  Overseer  
  62  5:34  Drone x2  
  62  5:35  Drone  
  69  5:43  Drone x2  
  71  5:50  Zergling x4  
  71  5:51  Zergling x2  
  73  6:00  Drone  
  73  6:02  Glial Reconstitution  
  73  6:04  Overlord x3  
  74  6:10  Baneling  
  74  6:11  Baneling x9  
  74  6:15  Overseer  
  74  6:19  Baneling x3  
  71  6:32  Spore Crawler  
  60  6:41  Drone x4  
  60  6:42  Zergling x6  
  67  6:47  Zergling x6  
  68  7:00  Drone x2  
  68  7:01  Drone  
  71  7:04  Drone x3  
  74  7:10  Zerg Melee Weapons Level 1, Zerg Ground Armor Level 1  
  74  7:12  Queen  
  74  7:13  Queen  
  74  7:15  Zergling x6  
  81  7:18  Centrifical Hooks  
  81  7:19  Hatchery  
  81  7:20  Baneling x2  
  81  7:22  Hatchery  
  79  7:28  Zergling x6  
  82  7:35  Zergling x6  
  85  7:39  Zergling x4  
  87  7:49  Drone x2  
  87  7:52  Drone x4  
  87  7:55  Infestation Pit  
  90  7:58  Extractor  
  90  7:59  Drone x3, Extractor  
  90  8:02  Zergling x4  
  90  8:04  Baneling x3  
  93  8:08  Zergling x4  
  95  8:20  Drone x2  
  95  8:21  Overlord x2  
  95  8:24  Drone  
  95  8:26  Overlord x2  
  88  8:36  Zergling x16  
  88  8:37  Zergling x4  
  95  8:45  Baneling x9  
  95  8:47  Zergling x4  
  95  8:48  Zergling x6  
  100  8:54  Zergling x8  
  103  8:58  Zergling x12  
  109  9:06  Zergling x6  
  109  9:09  Baneling x4  
  111  9:11  Zerg Melee Weapons Level 2, Zerg Ground Armor Level 2  
  111  9:13  Hive  
  111  9:14  Zergling x4  
  111  9:15  Hydralisk Den  
  111  9:24  Zergling x12  
  110  9:40  Zergling x18  
  110  9:45  Overlord x2  
  118  9:47  Zergling x2  
  118  9:48  Zergling x6  
  118  9:50  Lurker Den  
  118  9:51  Overseer  
  121  10:04  Zergling x14  
  128  10:13  Zergling x2  
  128  10:14  Zergling x12  
  108  10:16  Zergling x2  
  102  10:22  Zergling x6  
  102  10:26  Baneling x4  
  102  10:27  Baneling x7  
  102  10:28  Zergling x8  
  108  10:33  Zergling x2  
  108  10:34  Zergling x2  
  110  10:39  Zergling x2  
  110  10:40  Zergling x4  
  102  10:51  Zergling x14  
  102  10:52  Zergling x4  
  106  10:59  Hatchery, Drone  
  103  11:14  Zergling x2  
  103  11:15  Zergling x18  
  113  11:30  Overlord x2  
  113  11:32  Overlord x2  
  113  11:36  Adaptive Talons  
  113  11:37  Baneling  
  113  11:38  Baneling x7  
  113  11:44  Overlord x2  
  113  11:47  Baneling x6  
  113  11:48  Baneling  
  113  11:59  Hydralisk  
  113  12:00  Hydralisk x3  
  113  12:04  Zergling x4  
  113  12:05  Zergling x6  
  113  12:11  Zergling x10  
  113  12:14  Zergling x4  
  111  12:22  Zergling x4  
  115  12:33  Lurker x2  
  123  12:42  Lurker x2  
Show
View Real Time Build Order
Export as new Build Order

Osiris Terran 

Build Orders: Reaper Expand, Hellion Banshee 

Get SALT Encoding   

  12  0:00  SCV  
  13  0:12  SCV  
  14  0:17  Supply Depot  
  14  0:24  SCV  
  15  0:38  SCV, Barracks  
  16  0:43  Refinery  
  16  0:50  SCV  
  17  1:02  SCV  
  18  1:14  SCV  
  19  1:25  Reaper  
  19  1:26  Orbital Command  
  20  1:39  Command Center  
  20  1:47  Supply Depot  
  20  1:53  SCV  
  21  1:57  Marine  
  22  2:06  Factory  
  22  2:10  SCV  
  23  2:20  Barracks Reactor  
  23  2:22  SCV  
  24  2:34  SCV  
  25  2:42  Command Center  
  25  2:46  SCV  
  26  2:51  Orbital Command  
  26  3:01  Starport  
  26  3:03  SCV  
  27  3:06  Hellion  
  27  3:11  Hellion  
  31  3:14  Barracks Tech Lab  
  31  3:16  SCV  
  31  3:19  Refinery  
  32  3:20  SCV  
  33  3:28  SCV  
  33  3:33  SCV  
  35  3:40  Hellion x2  
  38  3:43  SCV  
  38  3:47  Banshee  
  42  3:54  SCV  
  43  3:57  Barracks Tech Lab  
  43  3:58  Orbital Command  
  43  3:59  SCV  
  43  4:01  Hellion x2  
  45  4:12  SCV  
  45  4:13  SCV  
  45  4:17  Marine  
  45  4:19  Cloaking Field  
  45  4:23  Hellion x2  
  50  4:24  SCV  
  50  4:26  SCV x2  
  50  4:30  Banshee  
  56  4:37  Marine, SCV  
  58  4:39  SCV  
  59  4:53  Barracks x2  
  59  4:55  SCV  
  60  5:00  Engineering Bay x2  
  60  5:01  Supply Depot  
  60  5:03  SCV  
  61  5:07  Supply Depot, Refinery  
  61  5:08  Factory Reactor, Refinery  
  61  5:23  SCV  
  61  5:28  Terran Infantry Weapons Level 1, Terran Infantry Armor Level 1  
  62  5:32  SCV  
  62  5:35  Supply Depot x2  
  63  5:38  SCV  
  63  5:41  Marine x2  
  66  5:46  SCV  
  66  5:48  Marine, Stimpack  
  68  5:54  SCV  
  68  5:56  SCV  
  70  5:57  Starport Reactor  
  70  5:58  SCV, Barracks  
  70  5:59  Barracks  
  70  6:00  Supply Depot  
  70  6:02  Marine, Supply Depot  
  70  6:03  Marine x3  
  78  6:04  Siege Tank  
  78  6:08  Marine, SCV  
  80  6:11  SCV  
  80  6:12  SCV  
  73  6:42  Marine x2  
  73  6:43  Marine x3  
  73  6:44  Siege Tank, Medivac x2  
  73  6:46  Barracks Reactor x2  
  79  6:47  SCV  
  79  6:53  Supply Depot  
  79  6:55  Supply Depot  
  79  7:02  Marine x5, SCV  
  79  7:03  SCV  
  86  7:17  Siege Tank  
  86  7:18  Medivac x2  
  86  7:19  Marine  
  86  7:20  SCV  
  95  7:27  Supply Depot  
  95  7:28  Supply Depot  
  95  7:32  Engineering Bay, SCV  
  95  7:33  Combat Shield, Marine, SCV  
  95  7:34  Marine x5, Armory  
  103  7:49  Marine x3  
  103  7:50  Siege Tank  
  103  7:51  Marine, Medivac x2  
  101  7:58  Orbital Command  
  102  8:04  Supply Depot  
  102  8:07  Supply Depot  
  102  8:11  Supply Depot  
  101  8:14  Marine x5  
  101  8:15  Marine x3  
  107  8:23  Marine  
  107  8:24  Siege Tank, Medivac x2  
  115  8:29  SCV  
  115  8:30  SCV, Barracks x2  
  115  8:32  Marine, Barracks  
  114  8:45  Marine  
  114  8:46  Marine x5  
  120  8:54  Marine x3  
  123  9:03  Marine x2  
  123  9:04  Marine x4  
  123  9:08  Siege Tank  
  132  9:12  Marine  
  132  9:15  Supply Depot  
  132  9:16  Supply Depot  
  133  9:32  Marine x8  
  133  9:36  Marine x3, Medivac x2  
  148  9:40  Marine  
  148  9:42  SCV x2  
  151  9:46  Supply Depot  
  151  9:48  Supply Depot  
  151  9:50  Marine x6, Terran Infantry Armor Level 2, Terran Infantry Weapons Level 2  
  151  9:51  Supply Depot, Terran Vehicle Weapons Level 1  
  157  10:07  Marine x4, SCV x3  
  157  10:13  Marine x3  
  157  10:14  Marine x2, Command Center  
  98  10:25  Marine  
  98  10:26  Marine x5  
  103  10:29  Marine  
  103  10:31  Marine x2  
  103  10:34  Marine x3  
  106  10:37  Orbital Command  
  106  10:38  SCV  
  105  10:43  Marine x2  
  105  10:44  Marine x2  
  108  10:54  Marine  
  108  10:55  Marine x6  
  113  11:10  Marine x3  
  116  11:22  Bunker  
  116  11:27  Planetary Fortress  
  116  11:28  SCV  
  116  11:29  SCV x2  
  119  11:36  Marine x3  
  119  11:37  Marine  
  121  11:47  Marine  
  121  11:48  Marine  
  97  12:03  Marine x4  
  97  12:08  Orbital Command  
  93  12:11  Marine x5  
  93  12:12  Marine  
  93  12:15  Marine  
  77  12:16  Marine  
  74  12:23  Marine x2  
Tags
 
Add a new tag
Caveats
  • Supply blocks, unpowered buildings, or Contaminate may cause inaccurate times.
  • Supply counts are checked every 10 seconds.